woodfighter, neutral female scurrid Tourist ---- |..| ----- |..| -------- --...-- |..| --..--..| ---.....--- |..| |.......-- .........- |..| --.......| .......... |..| --- |.%.[.).-- ........ |..-- --.----........| .......- |...| |.............-- ......| |...-- |..%.........-| -......----- |....| --<|.--.......| |........|.| --- --...-- |.|----...--.-- --..............--- |...-- |.| ---.---|..| ---.................. |...| |.| |...| --.| |............ | ---.| |)|--.--- -----------------.......(- ^.-- ...G..)....- |^# |.|...| |......[>...%.).%....@.......G...*..G.....- |.| |.|.----- |..---#-----.----......-------- --- |.#-- |%......------.-- |..| ---..--- |...----..............| |..| ---- --....%.)..------------ ---- ----------- woodfighter the Excursionist Experience level: 9 Strength: 12 Dexterity: 16 Constitution: 14 Intelligence: 13 Wisdom: 7 Charisma: 16 Health: 0(59) Energy: 30(30) Def: 11 Gold: 0 Moves: 6942 Dungeon seed: 9q3F0p_6DyCViAev Game ID: woodfighter_1525709025 Your Inventory: Weapons a - 35 +2 darts (in quiver) z - 6 cursed -4 darts A - a blessed +4 orcish dagger named Righteous Dagger (weapon in paw) D - 13 +0 darts Armor e - an uncursed +0 elven mithril-coat (being worn) f - an uncursed +0 mummy wrapping g - an uncursed +0 dwarvish cloak m - a blessed +2 dwarvish cloak (being worn) n - an uncursed +0 pair of gauntlets of dexterity (being worn) r - an uncursed +0 dwarvish cloak t - a cursed +0 dwarvish cloak u - an uncursed +1 dwarvish cloak w - an uncursed +0 dwarvish cloak N - an uncursed +0 pair of low boots (being worn) P - an uncursed +0 dwarvish cloak Y - an uncursed +0 dwarvish cloak Comestibles q - an uncursed lembas wafer M - 3 uncursed food rations O - an uncursed pear X - 4 uncursed tripe rations Potions v - an uncursed potion of paralysis Rings C - an uncursed +2 ring of protection (on left paw) Wands k - a wand of lightning (0:7) B - a wand of striking (0:6) L - a wand of sleep (0:1) U - a wand of teleportation (0:2) Tools b - an uncursed stethoscope j - an uncursed oil lamp (0:929) s - an uncursed sack y - an uncursed rusty skeleton key T - 2 uncursed tallow candles (0:200) Contents of the sack: 59 gold pieces an uncursed sprig of wolfsbane a [uncursed] scroll of identify a [uncursed] scroll of light a [uncursed] potion of see invisible an uncursed ring of conflict a [uncursed] tallow candle [0:200] Spells and supernatural/magical abilities: Name Level Category Fail Memory W - pray for help -- divine ? -- Your skills at the end: Miscellaneous Skills wands [Basic] Weapon Skills dart [Basic] Spellcasting Skills Final Attributes: You were devoutly aligned. You were poison resistant. Your writing paw was ok. You had infravision. You were stealthy. You were protected. You are dead. Vanquished creatures: 2 giant mimics a large mimic a quantum mechanic a small mimic a dwarf king a tengu an ettin zombie 3 winter wolf cubs a lynx a panther a leprechaun 2 giant spiders an orc mummy 2 dwarf mummies a housecat a dwarf lord a blue jelly a water nymph 4 human zombies a yellow light 2 wood nymphs a rock piercer a pony a fog cloud a shrieker 6 gnome lords a gnomish wizard 2 black naga hatchlings 2 gray oozes 2 elf zombies a ghoul 2 paper golems 5 giant ants a floating eye 17 dwarves a homunculus 3 iguanas a rothe a rabid rat a centipede a jitterbug 2 giant bats a monkey 4 orc zombies 3 dwarf zombies 5 killer bees a coyote 3 hobbits 2 large kobolds 2 geckos 3 hobgoblins 3 giant rats 2 cave spiders a brown mold 26 gnomes 9 manes a gnome zombie 15 jackals 2 foxes 7 kobolds 9 newts 12 goblins 5 sewer rats 10 grid bugs 2 bats 12 lichens 2 kobold zombies 225 creatures vanquished. Genocided species: island nymphs 1 species genocided. Voluntary challenges: You did not cause conflict. You were not invisible. You did not have reflection. You were not displaced. You used a wielded weapon 29 times, starting on turn 5737. You did not apply a unicorn horn. You did not use plumbed fixtures. You did not drink any magical draughts. You read items or engraved 4 times, starting on turn 1253. You genocided 1 type of monster, starting on turn 1864. You never polymorphed an object. You never changed form. You completed Sokoban on turn 3725, according to the rules. You used no wishes. You never split a pudding. You never wrote Elbereth's name. You never violated your personal moral code. Dungeon overview: The Dungeons of Doom: levels 1 to 7 Level 1 a fountain a long staircase Level 2 a general store Level 3 a potion shop Level 4 stairs to The Gnomish Mines Level 5 many fountains Level 6 an armor shop, some fountains stairs to Sokoban Level 7 a sink The Gnomish Mines: levels 5 to 11 Level 5 stairs to The Dungeons of Doom Level 6 Level 7 some shops, a temple to Blind Io, a magic chest, some fountains Level 8 Level 9 Level 10 <- You were here Level 11 Sokoban: levels 2 to 5 Level 2 a magic chest Level 3 Level 4 Level 5 an altar to Blind Io, a magic chest stairs to The Dungeons of Doom History has recorded: On T:1 you entered the Dungeons of Doom to retrieve the Amulet of Yendor! On T:16 you reached level 2 of The Dungeons of Doom. On T:286 you reached level 3 of The Dungeons of Doom. On T:517 you advanced to experience level 2. On T:565 you reached level 4 of The Dungeons of Doom. On T:636 you advanced to experience level 3. On T:797 you reached level 5 of The Dungeons of Doom. On T:808 you reached level 1 of The Gnomish Mines. On T:976 you advanced to experience level 4. On T:1089 you reached level 6 of The Dungeons of Doom. On T:1418 you advanced to experience level 5. On T:1574 you prayed to The Lady. On T:1686 you reached level 4 of Sokoban. On T:1714 you reached level 7 of The Dungeons of Doom. On T:1774 you advanced to experience level 6. On T:1861 you opened a magic chest. On T:2144 you reached level 3 of Sokoban. On T:2429 you reached level 2 of Sokoban. On T:2974 you reached level 1 of Sokoban. On T:3722 you advanced to experience level 7. On T:3725 you advanced to experience level 8. On T:3725 you entered the Sokoban zoo. On T:4284 you reached level 2 of The Gnomish Mines. On T:4944 you reached level 3 of The Gnomish Mines. On T:5509 you entered the Minetown temple On T:5773 you reached level 4 of The Gnomish Mines. On T:6316 you reached level 5 of The Gnomish Mines. On T:6363 you prayed to The Lady. On T:6766 you reached level 6 of The Gnomish Mines. On T:6796 you advanced to experience level 9. On T:6910 you reached level 7 of The Gnomish Mines. Score breakdown: Gold: 0 ( 0 points) Experience: 9 levels ( 800 points) Exploration: 11 levels ( 300 points) Discoveries: 30 items ( 1500 points) Variety of kills: 67 monsters ( 2000 points) Major goal: finished Sokoban ( 1000 points) Survival: died (score multiplied by 3) Total score: 16800 Latest messages: You are now wearing a ring of protection. There are several objects here. The dart hits the winter wolf cub. The dart hits the winter wolf cub! The dart hits the winter wolf cub. The winter wolf cub bites! You stab the winter wolf cub. The winter wolf cub bites! You stab the winter wolf cub. You stab the winter wolf cub! The winter wolf cub bites! You miss the winter wolf cub. The winter wolf cub bites! You stab the winter wolf cub. The winter wolf cub bites! You kill the winter wolf cub! a - a +2 dart (in quiver). a - 2 +2 darts (in quiver). You see here a crossbow bolt. There are a few objects here. The gnome zaps a wand of lightning! You stop exploring. The bolt of lightning hits you! You die... Final status: Aloha woodfighter the Tourist, killed by a bolt of lightning... You died in The Gnomish Mines on dungeon level 10 with 16800 points, and 59 pieces of gold, after 6942 moves. You were level 9 with a maximum of 59 hit points when you died.